 Dungeon Crawl Stone Soup version 0.27-a0-333-gfa571bf19a (webtiles) character file.

Game seed: 8903318118124799471

101931 urnamphora the Warrior (level 16, -1/138 HPs)
             Began as a Human Monk on Feb 12, 2021.
             Was the Champion of Makhleb.
             Killed by divine providence
             ... invoked by a smoke demon
              (12 damage)
             ... on level 3 of the Abyss on Feb 14, 2021.
             The game lasted 01:58:53 (32341 turns).

urnamphora the Warrior (Human Monk)                Turns: 32341, Time: 01:58:53

Health: -1/138     AC: 30    Str: 24    XL:     16   Next: 84%
Magic:  27/27      EV: 12    Int: 10    God:    Makhleb [******]
Gold:   2042       SH:  5    Dex: 12    Spells: 15/15 levels left

rFire    . . .     SeeInvis .   a - +7 glaive (flame)
rCold    + . .     Faith    .   (shield currently unavailable)
rNeg     + . .     Spirit   .   B - +3 plate armour {rPois}
rPois    +         Reflect  +   x - +1 helmet
rElec    .         Harm     .   F - +2 ratskin cloak {*Rats rPois rN+ Str-1 Int-1 Dex+1}
rCorr    .         Rampage  .   P - +2 pair of gloves
Will     ++...                  M - +2 pair of boots
Stlth    ..........             V - amulet of reflection
HPRegen  0.33/turn              J - ring "Zokasija" {rC+ Will+ Str+7 Dex-5 Stlth-}
MPRegen  0.20/turn              E - +4 ring of evasion

@: berserk cooldown, slowed, very slow
A: no striking features
a: Renounce Religion, Minor Destruction, Lesser Servant of Makhleb, Major
Destruction, Greater Servant of Makhleb


You were on level 3 of the Abyss.
You worshipped Makhleb.
Makhleb was exalted by your worship.
You visited 4 branches of the dungeon, and saw 24 of its levels.
You visited the Abyss 1 time.
You visited 1 bazaar.
You also visited: Ice Cave.

You collected 2570 gold pieces.
You spent 528 gold pieces at shops.

Inventory:

Hand Weapons
 a - a +7 glaive of flaming (weapon)
Missiles
 f - 602 stones (quivered)
 o - 34 poisoned darts
 r - 9 throwing nets
Armour
 k - a scarf of shadows
 x - a +1 helmet (worn)
 B - a +3 plate armour of poison resistance (worn)
 F - the +2 ratskin cloak (worn) {*Rats rPois rN+ Str-1 Int-1 Dex+1}
   (You found it on level 7 of the Dungeon)

   It affects your strength (-1).
   It affects your intelligence (-1).
   It affects your dexterity (+1).
   It protects you from poison.
   It protects you from negative energy.
 M - a +2 pair of boots (worn)
 P - a +2 pair of gloves (worn)
 R - a scarf of repulsion
Jewellery
 y - a ring of fire
 E - a +4 ring of evasion (right hand)
 J - the ring "Zokasija" (left hand) {rC+ Will+ Str+7 Dex-5 Stlth-}
   (You found it on level 8 of the Dungeon)

   [ring of willpower]

   It affects your strength (+7).
   It affects your dexterity (-5).
   It protects you from cold.
   It affects your willpower, your defense against some magical effects.
   It makes you less stealthy.
 Q - a ring of resist corrosion
 V - an amulet of reflection (around neck)
 X - a ring of positive energy
Wands
 m - a wand of acid (9)
 v - a wand of paralysis (11)
 w - a wand of flame (86)
 A - a wand of iceblast (9)
 G - a wand of mindburst (31)
 H - a wand of digging (13)
 L - a wand of polymorph (5)
 S - a wand of random effects (22)
Scrolls
 c - 4 scrolls of identify
 d - a scroll of silence {unknown}
 g - 9 scrolls of teleportation
 j - 3 scrolls of magic mapping
 s - 3 scrolls of fear {unknown}
 I - 3 scrolls of fog
 K - 4 scrolls of blinking
 N - a scroll of brand weapon {unknown}
 O - 2 scrolls of vulnerability {unknown}
 U - 3 scrolls of amnesia {unknown}
Potions
 b - 3 potions of lignification
 e - 4 potions of flight
 h - 4 potions of mutation
 i - 2 potions of magic {unknown}
 l - 5 potions of heal wounds
 n - 3 potions of brilliance
 p - 3 potions of cancellation
 q - a potion of invisibility {unknown}
 t - 6 potions of haste
 u - 3 potions of ambrosia
 z - a potion of berserk rage {unknown}
 C - 7 potions of curing
 D - 4 potions of might
 T - 3 potions of attraction {unknown}
Miscellaneous
 W - a box of beasts (inert)


   Skills:
 * Level 15.8 Fighting
 - Level 14.0 Polearms
 - Level 10.3 Armour
 - Level 3.3 Dodging
 - Level 2.6 Stealth
 * Level 15.6 Invocations
 + Level 6.9 Evocations


You had 15 spell levels left.
You didn't know any spells.
Your spell library contained the following spells:

 Spells                   Type           Power        Failure   Level
 Corona                   Hex            0%           99%         1
 Foxfire                  Conj/Fire      0%           99%         1
 Slow                     Hex            0%           99%         2
 Confusing Touch          Hex            0%           100%        3
 Conjure Flame            Conj/Fire      0%           100%        3
 Gell's Gravitas          Tloc           0%           100%        3
 Inner Flame              Hex/Fire       0%           100%        3
 Portal Projectile        Hex/Tloc       0%           100%        3
 Cause Fear               Hex            0%           100%        4
 Leda's Liquefaction      Hex/Erth       0%           100%        4
 Petrify                  Tmut/Erth      0%           100%        4
 Sticky Flame             Conj/Fire      0%           100%        4
 Fireball                 Conj/Fire      0%           100%        5
 Irradiate                Conj/Tmut      0%           100%        5
 Metabolic Englaciation   Hex/Ice        0%           100%        5
 Silence                  Hex/Air        0%           100%        5
 Yara's Violent Unravell  Hex/Tmut       0%           100%        5
 Hydra Form               Tmut           0%           100%        6
 Statue Form              Tmut/Erth      0%           100%        6
 Dragon Form              Tmut           0%           100%        7
 Discord                  Hex            0%           100%        8


Dungeon Overview and Level Annotations

Branches:
Dungeon (15/15)            Temple (1/1) D:6            Lair (6/6) D:9
  Swamp (0/4) Lair:4       Spider (0/4) Lair:2        Slime (0/5) Lair:6
    Orc (2/2) D:10            Elf (0/3) Orc:2        Vaults (0/5) D:13
 Depths (0/5) D:15          IceCv (visited)

Altars:
Ashenzari
Cheibriados
Dithmenos
Elyvilon
Fedhas
Gozag
Hepliaklqana
Kikubaaqudgha
Makhleb
Nemelex Xobeh
Okawaru
Qazlal
Ru
Sif Muna
Trog
Uskayaw
Vehumet
Wu Jian
Xom
Yredelemnul
Zin
The Shining One
Beogh
Jiyva

Shops:
D:9 :*=(   D:11 :   D:13 *:=!   D:14 =   Orc:2 (?(?

Annotations:
Lair:1 exclusion: oklob plant
Lair:4 3 runed translucent doors, Orgheunu's ghost, journeyman DDFi


Message History

The large abomination is heavily damaged.
The large abomination hits you!!
* * * LOW HITPOINT WARNING * * *
You feel much better. The large abomination hits you!!
* * * LOW HITPOINT WARNING * * *
A river rat scurries out from under your cloak.
The raiju bites you but does no damage. The large abomination hits you!
* * * LOW HITPOINT WARNING * * *
A demon appears!
The raiju bites you but does no damage.
The large abomination hits you but does no damage.
Your river rat barely misses the large abomination.
You block the raiju's attack. The large abomination misses you.
The large abomination hits you but does no damage.
Blink to where?
Press: ? - help, Dir - move target, f - large abomination
Aim: a large abomination (heavily damaged, ally target)
You can't blink onto the large abomination!
Blink to where?
Press: ? - help, Dir - move target, p - large abomination
As you read the scroll of blinking, it crumbles to dust.
A smoke demon, a lurking horror, a thrashing horror and a raiju come into view.
The raiju barks!
The smoke demon roars!
You hear a roar!
A wight comes into view. It is wielding a +3 halberd.
A large abomination comes into view.
A wight comes into view.
It is wielding a +1 scimitar of draining.
Some rock shatters into small pieces.
Okay, then.
Okay, then.
Okay, then.
You open the lid... ...and a larval oxweird beast leaps out!
The box is emptied!
You block something's attack.
Deactivating autopickup; reactivate with Ctrl-A.
The large abomination hits your cacodemon!!
Your cacodemon hits the large abomination!!
Your cacodemon closely misses the large abomination.
A wight comes into view. It is wielding a +3 dagger.
The smoke demon gestures at you. Something smites you!
You die...

. #.. #. #.#### .. ##
... ....∩ ####z. ..
.z.. . .#..## ..#..
##X #....
##.....r##.##.........
...#..#.X.Xh.h#.#..
#... ###.r2....H..#
... ....#.###.h@#
.##.##.........##.# .
##.#..###### #X.
###...###.# .... ..∩##
.# ..*.. .. ..# .
#3... . . . #... .....
##. . #


You could see a thrashing horror, 3 large abominations, a smoke demon, 3 raiju,
2 wights, a lurking horror, a friendly cacodemon (summoned), a friendly larval
oxweird beast (summoned) and a friendly river rat.

Vanquished Creatures
  2 tentacled starspawn (Abyss:3)
  Frances (D:14)
  Josephine (D:14)
  2 ettins
  Fannar (D:12)
  9 hydras
  2 catoblepae
  An ice dragon (D:13)
  6 two-headed ogres
  A vampire mage (D:15)
  8 death yaks (Lair:6)
  A thrashing horror (Abyss:3)
  A titan skeleton (D:15)
  5 orc high priests (Orc:2)
  Nergalle (D:12)
  5 skeletal warriors (D:15)
  4 unseen horrors
  A lindwurm (Lair:6)
  A harpy (shapeshifter) (D:15)
  2 wolf spider zombies
  A phantasmal warrior (D:13)
  A deep elf pyromancer (D:15)
  4 orc sorcerers
  3 ugly things
  4 cyclopes
  2 manticores (D:13)
  A spectral centaur (D:13)
  5 black mambas
  4 centaur zombies
  8 elephants (Lair:6)
  3 gargoyles
  10 cane toads
  3 torpor snails (Lair:6)
  Maggie (D:7)
  A kobold demonologist (D:15)
  12 komodo dragons
  3 rime drakes
  A guardian mummy (D:15)
  6 meliai
  A jumping spider (shapeshifter) (D:13)
  8 trolls
  2 polar bears
  A raiju (Abyss:3)
  10 blink frogs
  3 dream sheep (Lair:6)
  9 spriggans
  2 shadows
  2 vampires (D:14)
  64 yaks
  2 redbacks (Lair:2)
  7 wraiths
  4 wyverns
  5 basilisks
  A chaos spawn (Abyss:3)
  7 wargs
  Menkaure (D:5)
  2 acid dragons
  A vampire mosquito (D:15)
  A soldier ant (D:14)
  25 water moccasins
  A swamp drake (Lair:5)
  18 orc warriors
  5 sky beasts
  A hornet zombie (D:15)
  8 ice beasts
  4 black bears
  2 necrophages (D:8)
  23 ogres
  9 centaurs
  21 wolves
  2 eyes of draining
  2 phantoms
  2 kobold brigands
  21 bullfrogs
  2 gnoll sergeants (D:9)
  A wyvern skeleton (D:13)
  7 scorpions
  3 killer bees (D:9)
  2 wights (D:9)
  4 howler monkeys
  7 electric eels
  10 hounds
  A bullfrog skeleton (D:13)
  5 bullfrog zombies
  34 orc priests
  12 jellies
  4 centaur skeletons
  3 gnoll shamans (D:9)
  18 orc wizards
  17 iguanas
  7 hell rats
  14 worker ants
  Terence (D:3)
  A hound zombie (D:7)
  2 hound skeletons
  21 gnolls
  6 river rats (D:7)
  8 adders
  A shadow imp (D:7)
  2 white imps
  5 ufetubi
  11 oozes
  2 adder skeletons
  2 worms
  3 dart slugs
  15 leopard geckos
  88 orcs
  5 giant cockroaches
  7 goblins
  7 hobgoblins
  21 jackals
  3 quokkas
  2 ball pythons
  7 bats
  9 frilled lizards
  A jackal skeleton (D:5)
  17 kobolds
  A leopard gecko skeleton (D:4)
  A quokka skeleton (D:6)
  20 rats
  2 starspawn tentacles (Abyss:3)
827 creatures vanquished.

Vanquished Creatures (collateral kills)
  Jorgrun (D:12)
  An ogre mage (D:15)
  2 hydras
  Erica (D:8)
  A centaur warrior (D:15)
  An orc sorcerer (Orc:2)
  A cyclops (D:15)
  A komodo dragon (Lair:6)
  A wyvern (D:9)
  5 yaks
  2 vampire mosquitoes (D:15)
  An acid dragon (D:15)
  A water moccasin (D:9)
  A black bear (D:9)
  An orc warrior (D:12)
  2 ice beasts (IceCv)
  3 wolves
  An ogre (D:15)
  2 bullfrogs
  A gnoll sergeant (D:9)
  A water moccasin zombie (D:9)
  A wight (D:9)
  2 hounds (D:9)
  A quasit (D:11)
  2 orc priests (Orc:2)
  A gnoll shaman (D:9)
  A jelly (Lair:1)
  A worker ant (D:9)
  A worker ant zombie (D:9)
  6 gnolls (D:9)
  5 orcs
  A jackal (D:9)
53 creatures vanquished.

Vanquished Creatures (others)
  2 iguanas (Lair:5)
  A frilled lizard (Lair:5)
  70 fungi
  88 plants
  7 starspawn tentacles (Abyss:3)
  6 withered plants (D:15)
174 creatures vanquished.

Grand Total: 1054 creatures vanquished

Notes
Turn   | Place    | Note
-------+----------+-------------------------------------------
     0 | D:1      | urnamphora the Human Monk began the quest for the Orb.
     0 | D:1      | Reached XP level 1. HP: 18/18 MP: 1/1
   195 | D:1      | Reached XP level 2. HP: 24/24 MP: 2/2
   610 | D:1      | Reached XP level 3. HP: 17/29 MP: 3/3
  1304 | D:2      | Found a faded altar of an unknown god.
  1386 | D:2      | Became a worshipper of Makhleb the Destroyer
  1386 | D:2      | Reached * piety under Makhleb
  1386 | D:2      | Reached ** piety under Makhleb
  1454 | D:2      | Reached XP level 4. HP: 24/35 MP: 4/4
  1779 | D:2      | Reached skill level 1 in Armour
  2117 | D:2      | Reached *** piety under Makhleb
  2225 | D:2      | Reached XP level 5. HP: 31/41 MP: 5/5
  3059 | D:3      | Reached skill level 1 in Invocations
  3280 | D:3      | Noticed Terence
  3304 | D:3      | Killed Terence
  3550 | D:3      | Found a white marble altar of Elyvilon.
  3620 | D:3      | Reached XP level 6. HP: 37/47 MP: 7/7
  4134 | D:4      | Reached **** piety under Makhleb
  4139 | D:4      | Reached skill level 5 in Polearms
  4329 | D:4      | Found a glowing silver altar of Zin.
  4347 | D:4      | Found an ornate altar of the Wu Jian Council.
  4364 | D:4      | Noticed an ogre
  4393 | D:4      | Killed an ogre
  4394 | D:4      | Reached XP level 7. HP: 52/52 MP: 9/9
  5165 | D:4      | Found a stormy altar of Qazlal.
  5829 | D:5      | Entered Level 5 of the Dungeon
  5841 | D:5      | Reached skill level 5 in Invocations
  5959 | D:5      | Reached XP level 8. HP: 24/58 MP: 11/11
  6539 | D:5      | Noticed Menkaure
  6544 | D:5      | Killed Menkaure
  6545 | D:5      | Reached skill level 1 in Evocations
  7237 | D:5      | Found a sacrificial altar of Ru.
  7744 | D:6      | Found a staircase to the Ecumenical Temple.
  7821 | D:6      | Reached XP level 9. HP: 63/64 MP: 13/13
  7892 | Temple   | Entered the Ecumenical Temple
  8345 | D:6      | Found a shadowy altar of Dithmenos.
  8557 | D:6      | Noticed a troll
  8570 | D:6      | Killed a troll
  9378 | D:7      | Reached skill level 5 in Evocations
 10016 | D:7      | Found the +2 ratskin cloak {*Rats rPois rN+ Str-1 Int-1
                  | Dex+1}
 10736 | D:7      | Reached XP level 10. HP: 70/70 MP: 14/14
 10798 | D:7      | Found a glowing golden altar of the Shining One.
 10943 | D:7      | Reached ***** piety under Makhleb
 11039 | D:7      | Noticed Maggie
 11047 | D:7      | Killed Maggie
 11048 | D:7      | Reached skill level 5 in Armour
 11158 | D:7      | Found an iron altar of Okawaru.
 11797 | D:8      | Noticed Erica
 11802 | D:8      | Killed Erica
 11803 | D:8      | Reached skill level 10 in Polearms
 11820 | D:8      | Got a heavily runed bronze ring
 12106 | D:8      | Identified the ring "Zokasija" {rC+ Will+ Str+7 Dex-5
                  | Stlth-} (You found it on level 8 of the Dungeon)
 12290 | D:8      | Found a hazy altar of Hepliaklqana.
 12355 | D:9      | Found Qiucwia's Antique Weapon Shoppe.
 12613 | D:9      | Reached XP level 11. HP: 56/75 MP: 15/15
 12677 | D:9      | Found Veuv's General Store.
 12685 | D:9      | Found Hoskirim's Jewellery Shoppe.
 12805 | D:9      | Found Sacleebb's Book Shoppe.
 12830 | D:9      | Found a staircase to the Lair.
 13128 | D:9      | Found a bloodstained altar of Trog.
 13787 | D:10     | Entered Level 10 of the Dungeon
 13929 | D:10     | Reached ****** piety under Makhleb
 13965 | D:10     | Found a bloodstained altar of Trog.
 13967 | D:10     | Found a shimmering altar of Xom.
 13967 | D:10     | Found an opulent altar of Gozag.
 13969 | D:10     | Found a snail-covered altar of Cheibriados.
 13969 | D:10     | Found a shimmering altar of Xom.
 13969 | D:10     | Found a shimmering altar of Xom.
 14021 | D:10     | Killed an unseen horror
 14229 | D:10     | Found a staircase to the Orcish Mines.
 14486 | D:10     | Noticed a two-headed ogre
 14509 | D:10     | Killed a two-headed ogre
 14951 | D:11     | Reached skill level 10 in Armour
 14956 | D:11     | Reached XP level 12. HP: 77/81 MP: 16/16
 15256 | D:11     | Found Buurgh's Book Boutique.
 15264 | D:11     | Killed an unseen horror
 16388 | Lair:1   | Entered Level 1 of the Lair of Beasts
 16541 | Lair:1   | Noticed a four-headed hydra
 16548 | Lair:1   | Killed a two-headed hydra
 16967 | Lair:1   | Reached skill level 5 in Fighting
 17808 | Lair:2   | Found a hole to the Spider Nest.
 18357 | Lair:2   | Got a fine robe
 18368 | Lair:2   | Identified the +1 robe "Ziytank" {rF++ Int+2} (You found it
                  | on level 2 of the Lair of Beasts)
 18910 | Lair:3   | Reached XP level 13. HP: 91/95 MP: 17/17
 19576 | Lair:3   | Noticed an eight-headed hydra
 19602 | Lair:3   | Killed a six-headed hydra
 19789 | Lair:3   | Noticed an eight-headed hydra
 19803 | Lair:3   | Killed a five-headed hydra
 19879 | Lair:3   | Noticed a six-headed hydra
 19886 | Lair:3   | Killed a four-headed hydra
 19887 | Lair:3   | Reached skill level 10 in Fighting
 20252 | Lair:4   | Noticed a six-headed hydra
 20259 | Lair:4   | Killed a three-headed hydra
 20310 | Lair:4   | Noticed a seven-headed hydra
 20316 | Lair:4   | Killed a four-headed hydra
 20424 | Lair:4   | Found a runed translucent gate.
 20425 | Lair:4   | Found a runed translucent gate.
 20431 | Lair:4   | Found a runed translucent gate.
 20455 | Lair:4   | Noticed Orgheunu's ghost (journeyman DDFi)
 20457 | Lair:4   | Found a viscous altar of Jiyva.
 21084 | Lair:4   | Noticed a five-headed hydra
 21097 | Lair:4   | Killed a three-headed hydra
 21117 | Lair:4   | Found a staircase to the Swamp.
 21419 | Lair:5   | Found a frozen archway.
 21422 | Lair:5   | Noticed a catoblepas
 21446 | Lair:5   | Killed a catoblepas
 21447 | Lair:5   | Reached XP level 14. HP: 113/116 MP: 18/18
 21456 | IceCv    | Entered an ice cave
 22869 | Lair:6   | Entered Level 6 of the Lair of Beasts
 23387 | Lair:6   | Found a staircase to the Slime Pits.
 23389 | Lair:6   | Found a viscous altar of Jiyva.
 23804 | Lair:6   | Reached skill level 10 in Invocations
 24417 | Lair:6   | Reached XP level 15. HP: 124/124 MP: 23/23
 25310 | D:12     | Found a flickering gateway to a bazaar.
 25317 | Bazaar   | Entered a bazaar
 25325 | Bazaar   | Found Lumix's Book Shop.
 25339 | Bazaar   | Found Fuisent's Jewellery Shop.
 25387 | Bazaar   | Bought an amulet of reflection for 420 gold pieces
 25462 | D:12     | Found a blossoming altar of Fedhas.
 25581 | D:12     | Noticed Jorgrun
 25613 | D:12     | Killed Jorgrun
 26080 | D:12     | Noticed Nergalle
 26085 | D:12     | Noticed Fannar
 26092 | D:12     | Killed Nergalle
 26098 | D:12     | Killed Fannar
 26413 | Orc:1    | Entered Level 1 of the Orcish Mines
 26697 | Orc:2    | Entered Level 2 of the Orcish Mines
 27704 | Orc:2    | Found Ygheff's Antique Weapon Emporium.
 27704 | Orc:2    | Found Naseh's Magic Scroll Shop.
 28518 | Orc:2    | Found a roughly hewn altar of Beogh.
 28739 | Orc:2    | Found Cotimyub's Antique Weapon Emporium.
 28739 | Orc:2    | Found Visiomeo's Magic Scroll Shop.
 28902 | Orc:2    | Bought a scroll of identify for 36 gold pieces
 28902 | Orc:2    | Bought a scroll of identify for 36 gold pieces
 28902 | Orc:2    | Bought a scroll of identify for 36 gold pieces
 29090 | Orc:2    | Found a staircase to the Elven Halls.
 29674 | D:13     | Reached XP level 16. HP: 110/134 MP: 26/26
 29916 | D:13     | Found a gate to the Vaults.
 29970 | D:13     | Found Balubit's Assorted Antiques.
 29992 | D:13     | Found Satoule's Book Shoppe.
 30046 | D:13     | Found Wouwkano's Distillery.
 30216 | D:13     | Found Xenkyog's Jewellery Boutique.
 30510 | D:13     | Got a bloodstained hand crossbow
 30511 | D:13     | Identified the +9 hand crossbow "Ynesi" {freeze, Int+6}
                  | (You found it on level 13 of the Dungeon)
 30553 | D:14     | Found Mudis's Jewellery Shop.
 30553 | D:14     | Noticed Frances
 30564 | D:14     | Killed Frances
 30565 | D:14     | Reached skill level 15 in Fighting
 30966 | D:14     | Noticed Josephine
 30985 | D:14     | Killed Josephine
 31097 | D:15     | Entered Level 15 of the Dungeon
 31141 | D:15     | Reached skill level 15 in Invocations
 31190 | D:15     | Found a staircase to the Depths.
 31722 | D:15     | Got a fine chain mail
 31733 | D:15     | Identified the +2 chain mail of the Blue Skies {rPois rN+
                  | Str-5} (You found it on level 15 of the Dungeon)
 32140 | D:14     | Cast into level 3 of the Abyss (a wizard)
 32295 | Abyss:3  | Noticed an ancient lich
 32303 | Abyss:3  | Noticed a tentacled starspawn
 32306 | Abyss:3  | Noticed a tentacled starspawn
 32321 | Abyss:3  | Killed a tentacled starspawn
 32324 | Abyss:3  | Killed a tentacled starspawn
 32341 | Abyss:3  | Killed from afar by a smoke demon

Illustrated notes

Levels and vault maps discovered:
D:1:      tarquinn_simple_flora_water_e, layout_basic, minmay_hexomino_c4
D:2:      layout_loops_ring, chequers_ecumenical_altar_simple,
          kennysheep_small_spiral, nrook_mini_vaults, palyth_stone_intersect
D:3:      layout_loops_ring, old_standard_altar, uniq_terence
D:4:      layout_basic, minitemple, nicolae_overflow_crystal_walls
D:5:      layout_layer_cave, hangedman_decor_slide_cut,
          nicolae_ru_the_path_less_chosen, uniq_menkaure
D:6:      minmay_chambers_of_sixes, layout_cave_pools, marbit_many_paths,
          minmay_temple_entry_arrows, ebering_dispersal_statue_hall
D:7:      wander_guarded_unrand_ratskin, layout_basic, okawaru_gym_becter,
          nicolae_tso_carved_into_rock, grunt_decor_one_mirror, the_bakery,
          uniq_maggie
D:8:      layout_cave_pools, nzn_hepliaklqana_mist_gate, grunt_ministairs_3,
          uniq_erica
D:9:      layout_cave_pools, due_lair_maze_entry_diamond, serial_shops, shop,
          nicolae_shop_window_shopping, kennysheep_mini, shop,
          serial_gnoll_camp, gnoll_camp_medium_02, gnoll_camp_mini_basic,
          gnoll_camp_mini_hut, gnoll_camp_mini_doghouse, gnoll_camp_huts_basic,
          kennysheep_minor_cross, trog_butcher_becter
D:10:     layout_rooms, orc_0_dummy, kennysheep_cross_room, doesnt_xom_only_xom
D:11:     layout_basic, serial_shops, kennysheep_little_box
D:12:     layout_small_grid, serial_shops, bzr_entry_customers, fedhas_altar_3,
          uniq_fannar, uniq_jorgrun, uniq_nergalle
D:13:     layout_long_grid, david_vaults_4, serial_shops, shop, shop_fountains,
          nicolae_shop_behind_doors, shop, minmay_fountain_box,
          hangedman_weighted_door, drop_trap
D:14:     layout_rooms, chequers_serial_rivers_large_a, serial_shops, shop,
          uniq_josephine, uniq_frances
D:15:     gammafunk_depths_entry_grave, layout_basic,
          chequers_serial_rivers_micro_d, minivault_23
Temple:   eino_narrow_crystal_temple
Lair:1:   lemuel_slime, layout_gridlike, minivault_27, lemuel_fruit_fields
Lair:2:   kb_forest_paths, layout_regular_city, spider_nest_entry_webs,
          st_stairs_12
Lair:3:   layout_chaotic_city
Lair:4:   layout_small_grid, swamp_mist, gammafunk_ghost_ooze,
          chequers_serial_rivers_room_b, infiniplex_staircase_pool
Lair:5:   lemuel_reptile_caves, layout_misc_corridors,
          portal_ice_cave_entry_pillars_1, grunt_forest_small_clearings,
          chequers_serial_rivers_marsh
Lair:6:   hangedman_lair_in_review, layout_long_grid, slime_altar_1
Orc:1:    layout_diamond_mine
Orc:2:    st_orc_town, layout_caves, mines2_lemuel
Abyss:3:  base: D:9, hangedman_grunt_abyss_rune_horror_hoard

Skill      XL: |  1  2  3  4  5  6  7  8  9 10 11 12 13 14 15 16 |
---------------+-------------------------------------------------+-----
Armour         | 1 4 7 10 | 10.3
Polearms       | 4 5 6 7 9 10 12 14 | 14.0
Invocations    | 2 3 5 10 14 15 | 15.6
Evocations     | 3 5 6 |  6.9
Fighting       | 6 12 13 14 15 | 15.8
Dodging        | |  3.3
Stealth        | |  2.6

Action                   |  1- 3 |  4- 6 |  7- 9 | 10-12 | 13-15 | 16-18 || total
-------------------------+-------+-------+-------+-------+-------+-------++-------
Melee: Spear             |   126 |   162 |       |       |       |       ||   288
       Trident           |       |    97 |   580 |    16 |       |       ||   693
       Glaive            |       |       |       |   583 |   972 |   245 ||  1800
Throw: Stone             |       |     2 |    11 |       |       |       ||    13
       Throwing net      |       |     1 |     1 |       |       |       ||     2
Invok: Minor Destruction |       |       |     7 |   236 |   388 |   110 ||   741
       Lesser Servant of |       |       |       |     6 |     6 |     3 ||    15
       Major Destruction |       |       |       |       |     1 |     5 ||     6
       Greater Servant o |       |       |       |       |       |     1 ||     1
Evoke: Wand              |       |       |    11 |       |     4 |       ||    15
       Box of beasts     |       |       |       |       |       |     1 ||     1
  Use: Scroll            |       |     3 |     1 |    13 |    15 |     2 ||    34
       Potion            |       |       |       |       |     6 |     3 ||     9
 Stab: Sleeping          |     7 |     3 |       |       |       |       ||    10
       Held in net/web   |       |     1 |     1 |       |       |       ||     2
       Paralysed         |       |       |    16 |       |       |       ||    16
       Distracted        |       |       |     1 |     1 |     5 |     1 ||     8
       Petrified         |       |       |       |       |     9 |       ||     9
       Petrifying        |       |       |       |       |     3 |       ||     3
       Confused          |       |       |       |       |     1 |       ||     1
Armor: Robe              |    11 |       |       |       |       |       ||    11
       Leather armour    |     4 |     4 |       |       |       |       ||     8
       Scale mail        |       |    46 |    82 |       |       |       ||   128
       Plate armour      |       |       |   126 |   361 |   520 |   205 ||  1212
Dodge: Dodged            |    66 |   115 |   139 |   271 |   485 |   121 ||  1197
Block: Other             |       |       |       |       |    65 |    72 ||   137
       Reflection        |       |       |       |       |     7 |     3 ||    10

Table legend: (Time is in decaauts)
 A = Elapsed time spent in this place.
 B = Non-inter-level travel time spent in this place.
 C = Inter-level travel time spent in this place.
 D = Time resting spent in this place.
 E = Time spent auto-exploring this place.
 F = Levels seen in this place.
 G = Mean time per level.
                   A        B        C        D        E       F      G
               +--------+--------+--------+--------+--------+-----+--------+
         Total |  32417 |  31094 |   1323 |   7899 |  16247 |  27 | 1200.6 |
       Dungeon |  20296 |  19457 |    839 |   5004 |  10197 |  15 | 1353.1 |
        Temple |    294 |    281 |     13 |     73 |    177 |   1 |  294.0 |
          Lair |   8268 |   7864 |    404 |   1685 |   4503 |   6 | 1378.0 |
  Orcish Mines |   2680 |   2614 |     66 |    543 |   1300 |   2 | 1340.0 |
         Abyss |    199 |    199 |      0 |    132 |      2 |   1 |  199.0 |
        Bazaar |     94 |     94 |      0 |      0 |     43 |   1 |   94.0 |
      Ice Cave |    582 |    582 |      0 |    461 |     25 |   1 |  582.0 |
               +--------+--------+--------+--------+--------+-----+--------+

Top non-repeatable levels by time:
     D:7: 2349 daAuts
  Lair:6: 1979 daAuts
   Orc:2: 1946 daAuts
     D:2: 1688 daAuts
    D:11: 1589 daAuts
     D:5: 1511 daAuts
     D:9: 1503 daAuts
     D:4: 1492 daAuts
     D:6: 1486 daAuts
  Lair:1: 1418 daAuts
  Lair:3: 1392 daAuts
     D:3: 1378 daAuts
    D:10: 1340 daAuts
     D:1: 1256 daAuts
    D:14: 1221 daAuts
